 Dungeon Crawl Stone Soup version 0.19.1 (webtiles) character file.

9 M4edhros the Grave Robber (level 2, -3/17 HPs)
             Began as an Octopode Necromancer on Dec 11, 2016.
             Slain by an orc
             ... wielding a +0 hand axe
              (9 damage)
             ... on level 3 of the Dungeon.
             The game lasted 00:01:45 (218 turns).

M4edhros the Grave Robber (Octopode Necromancer)     Turns: 218, Time: 00:01:46

Health: -3/17      AC:  1    Str:  7    XL:     2   Next: 12%
Magic:  1/5        EV: 13    Int: 17    God:
Gold:   18         SH:  0    Dex: 12    Spells: 1 memorised, 4 levels left

rFire  . . .     SeeInvis .       - Unarmed
rCold  . . .     Gourm    .     (no shield)
rNeg   . . .     Faith    .     (helmet restricted)
rPois  .         Spirit   .     (no amulet)
rElec  .         Reflect  .     (no ring)
rCorr  .         Harm     .     (no ring)
MR     .....                    (no ring)
Stlth  +++.......               (no ring)
                                (no ring)
                                (no ring)
                                (no ring)
                                (no ring)

@: no status effects
A: almost no armour, stealthy swim, amphibious, 8 rings, constrict 8, camouflage
1, gelatinous body 1
a: no special abilities


You were on level 3 of the Dungeon.
You were not hungry.

You visited 1 branch of the dungeon, and saw 3 of its levels.

You collected 18 gold pieces.

Inventory:

Scrolls
 c - a scroll of random uselessness {unknown}
 d - a scroll of immolation {unknown}
 e - a scroll of noise {unknown}
Potions
 b - 2 potions of lignification {unknown}
Books
 a - a book of Necromancy

   Spells                             Type                      Level
   a - Pain                           Necromancy                   1
   b - Animate Skeleton               Necromancy                   1
   c - Vampiric Draining              Necromancy                   3
   d - Regeneration                   Charms/Necromancy            3
   e - Animate Dead                   Necromancy                   4
   f - Control Undead                 Necromancy                   4
Comestibles
 f - a bread ration (quivered)


   Skills:
 - Level 2.0 Dodging
 - Level 2.6 Stealth
 + Level 1.7 Unarmed Combat
 - Level 2.0 Spellcasting
 - Level 4.0 Necromancy


You had 4 spell levels left.
You knew the following spells:

 Your Spells              Type           Power        Failure   Level  Hunger
a - Pain                  Necr           ###.         3%          1    #......


Dungeon Overview and Level Annotations

Branches:
Dungeon (3/15)

Altars:
Dithmenos


Innate Abilities, Weirdness & Mutations

You cannot wear most types of armour.
You are very stealthy in the water. (Stealth+)
You are amphibious.
You can wear up to eight rings at the same time.
You can use your tentacles to constrict eight enemies at once.
Your skin changes colour to match your surroundings (Stealth+).
Your rubbery body absorbs attacks. (AC +1, EV +1)


Message History

Press: ? - help, Shift-Dir - straight line, f/p - orc
Aim: an orc, wielding a hand axe and wearing a runed leather armour (chance to defeat MR: 85%)
The orc barely resists.
Casting: Pain
Confirm with . or Enter, or press ? or * to list all spells.
Aiming: Pain
Press: ? - help, Shift-Dir - straight line, f/p - orc
Aim: an orc, wielding a hand axe and wearing a runed leather armour (chance to defeat MR: 85%)
The orc writhes in agony!
Casting: Pain
Confirm with . or Enter, or press ? or * to list all spells.
Aiming: Pain
Press: ? - help, Shift-Dir - straight line, f/p - orc
Aim: an orc, wielding a hand axe and wearing a runed leather armour (severely wounded, chance to defeat MR: 85%)
The orc writhes in agony!
The rat bites you.
You barely miss the orc. Your grab misses the orc.
The orc is almost dead.
The orc hits you with a hand axe!
Ouch! That really hurt!
You die...

.........
#.........
#.........
#######.....(...
................
........?......
............#
......§r§.§#
....)..§@§§#
.>[....§o§§.#
.........§§.#
.........§..#
...........##
....!......#
.###########


You could see an orc and a rat.

Vanquished Creatures
  A bat (D:1)
  2 hobgoblins
  A frilled lizard (D:1)
  2 goblins (D:2)
  A kobold (D:1)
  2 rats
9 creatures vanquished.

Notes
Turn   | Place    | Note
-------+----------+-------------------------------------------
     0 | D:1      | M4edhros the Octopode Necromancer began the quest for the Orb.
     0 | D:1      | Reached XP level 1. HP: 11/11 MP: 3/3
    61 | D:2      | Reached skill level 1 in Unarmed Combat
    91 | D:3      | Found a shadowy altar of Dithmenos.
   156 | D:2      | Reached XP level 2. HP: 4/17 MP: 1/5
   218 | D:3      | Slain by an orc

Skill      XL: |  1 |
---------------+----+-----
Unarmed Combat | 1 |  1.7
Dodging        | |  2.0
Stealth        | |  2.6
Spellcasting   | |  2.0
Necromancy     | |  4.0

Action                   || total
-------------------------++-------
Melee: Unarmed           ||    12
       Constrict         ||     2
       Tentacles         ||     1
 Cast: Pain              ||    13
  Use: Potion            ||     1
 Stab: Sleeping          ||     1
Dodge: Dodged            ||     4
